 Dungeon Crawl Stone Soup version 0.31-a0-204-g7da18cac08 (webtiles) character file.

Game seed: 11318747362076571174

85 qw the Shooter (level 4, -2/25 HPs)
             Began as a Deep Elf Hunter on June 27, 2023.
             Succumbed to an adder's poison
             ... on level 2 of the Dungeon.
             The game lasted 00:00:32 (1050 turns).

qw the Shooter (Deep Elf Hunter)                    Turns: 1050, Time: 00:00:32

Health: -2/25      AC:  3    Str: 10    XL:     4   Next: 25%
Magic:  6/6        EV: 12    Int: 14    God:
Gold:   56         SH:  0    Dex: 18    Spells: 3/3 levels left

rFire   . . .        Y - +0 shortbow
rCold   . . .        (shield currently unavailable)
rNeg    . . .        c - +0 leather armour
rPois   .            (no helmet)
rElec   .            (no cloak)
rCorr   .            (no gloves)
SInv    .            (no boots)
Will    .....        (no amulet)
Stlth   ++           (no ring)
HPRegen 0.24/turn    (no ring)
MPRegen 0.10/turn

%: no passive effects
@: lethally poisoned (-2 -> -12)
A: no striking features
a: no special abilities


You were on level 2 of the Dungeon.
You visited 1 branch of the dungeon, and saw 2 of its levels.

You collected 56 gold pieces.


   Skills:
 - Level 1.5 Fighting
 + Level 7.7 Ranged Weapons
 - Level 2.4 Dodging
 - Level 1.2 Stealth


You had 3 spell levels left.
You didn't know any spells.
Your spell library was empty.

Inventory:

Hand Weapons
 Y - a +0 shortbow (weapon)
Armour
 b - a +0 pair of boots
 c - a +0 leather armour (worn)
Scrolls
 a - a scroll of poison {unknown}
 g - a scroll of silence {unknown}
Potions
 d - a potion of curing {unknown}
 e - a potion of enlightenment {unknown}
 f - a potion of invisibility {unknown}
 h - a potion of resistance {unknown}
 k - a potion of might {unknown}

Dungeon Overview and Level Annotations

Branches:
Dungeon (2/15)

Altars:

Annotations:
D:2 Natasha


Message History

Enter note: You shoot an arrow.
The arrow hits the adder.
The adder hisses angrily.
The adder is lightly wounded.
You see here a frilled lizard corpse.
Natasha, Servant of Life and Death comes into view.
Natasha hisses angrily.
Natasha mumbles some strange words.
You feel disoriented.
Natasha mumbles some strange words.
Enter note:
1044 ||| Stepping ~*~*~tactically~*~*~ (outnumbered).
Enter note:
1045 ||| Stepping ~*~*~tactically~*~*~ (outnumbered).
Enter note: You shoot an arrow.
The arrow misses the adder.
The adder bites you but does no damage. The adder bites you.
You are poisoned.
The adder poisons you!
You shoot an arrow. The arrow hits the adder.
The adder is moderately wounded.
You feel sick. The adder bites you.
You are more poisoned.
The adder poisons you!
You shoot an arrow. The arrow hits the adder.
The adder is heavily wounded.
You feel sick. The adder bites you.
You are more poisoned.
The adder poisons you! Natasha claws you but does no damage.
The adder closely misses you.
You shoot an arrow. The arrow misses the adder.
The arrow hits the cerulean imp.
The cerulean imp is moderately wounded.
You feel very sick.
The cerulean imp hits you from afar with a +1 spear.
Natasha claws you! The adder barely misses you.
The cerulean imp hits you from afar with a +1 spear.
Natasha misses you.
You shoot an arrow. The arrow hits the adder.
The adder is severely wounded.
You die...

......#####
.5....#...#
......#...###
....+.....
...#...#
#5....# #Sh.#
#@..# #..%#
#...# #+# ..
#...####..
#.# .
#........#
#.#### .
##.########
.....#
.###.##.#
#.## #+#...
#.#######
..##.###.#.#
#.......#


You could see Natasha, a cerulean imp (summoned) and an adder.

Vanquished Creatures
  2 adders (D:2)
  4 dart slugs (D:1)
  4 ball pythons
  6 bats (D:1)
  An endoplasm (D:1)
  3 giant cockroaches
  4 goblins
  4 hobgoblins
  8 jackals (D:1)
  2 kobolds
  6 quokkas
  5 frilled lizards
  4 rats
53 creatures vanquished.

Notes
Turn   | Place    | Note
-------+----------+-------------------------------------------
     0 | D:1      | qw the Deep Elf Hunter began the quest for the Orb.
     0 | D:1      | Reached XP level 1. HP: 12/12 MP: 3/3
     0 | D:1      | 0 ||| qw: Version: 0.3-a-22-g0ed2b0b
     0 | D:1      | 0 ||| qw: Game counter: 6622
     0 | D:1      | 0 ||| qw: Melee chars always use a shield: true
     0 | D:1      | 0 ||| qw: God list: Okawaru
     0 | D:1      | 0 ||| qw: Allow faded altars: false
     0 | D:1      | 0 ||| qw: Do Orc after clearing Dungeon:15 true
     0 | D:1      | 0 ||| qw: Do second Lair branch before Depths: true
     0 | D:1      | 0 ||| qw: Lair rune preference: random
     0 | D:1      | 0 ||| qw: Goals: Normal
     0 | D:1      | 0 ||| PLANNING D:1-11
    59 | D:1      | Reached XP level 2. HP: 16/16 MP: 4/4
    79 | D:1      | Reached skill level 6 in Ranged Weapons
   277 | D:1      | Reached XP level 3. HP: 20/20 MP: 5/5
   405 | D:1      | 405 ||| DROPPING +2 sling of freezing.
   427 | D:1      | Reached skill level 7 in Ranged Weapons
   684 | D:1      | 684 ||| READING scroll labelled HUL NIACOWN.
   685 | D:1      | 685 ||| READING scroll labelled OCVIYH TYOGALY.
   686 | D:1      | 686 ||| READING scroll labelled IKANKO CEVEICKA.
   690 | D:1      | 690 ||| READING scroll labelled TOHUSIHUPH.
   691 | D:1      | 691 ||| DROPPING scroll of butterflies.
   740 | D:2      | HP: 5/20 [poisoned by an adder]
   744 | D:2      | HP: 2/20 [poisoned by an adder]
   848 | D:2      | Reached XP level 4. HP: 19/25 MP: 6/6
  1043 | D:2      | Noticed Natasha
  1044 | D:2      | 1044 ||| Stepping ~*~*~tactically~*~*~ (outnumbered).
  1045 | D:2      | 1045 ||| Stepping ~*~*~tactically~*~*~ (outnumbered).
  1049 | D:2      | HP: 2/25 [Natasha (7)]
  1050 | D:2      | Succumbed to an adder's poison

Levels and vault maps discovered:
D:1:      reono_arrival_mine, layout_loops_ring
D:2:      layout_basic, uniq_robin, uniq_natasha

Skill      XL: |  1  2  3 |
---------------+----------+-----
Ranged Weapons | 6 7 |  7.7
Fighting       | |  1.5
Dodging        | |  2.4
Stealth        | |  1.2

Action                     |  1- 3 |  4- 6 || total
---------------------------+-------+-------++-------
   Fire: Shortbow          |   109 |    30 ||   139
    Use: Scroll            |     4 |       ||     4
 Armour: Leather armour    |     9 |     2 ||    11
  Dodge: Dodged            |    22 |     4 ||    26

Table legend:
 A = Non-vault XP
 B = Vault XP
 C = Vault XP percentage of total XP
 D = Non-vault monster count
 E = Vault monster count
 F = Vault count percentage of total count
                 A         B        C        D         E       F
            +---------+---------+-------+---------+---------+-------
      Total |     122 |       0 |   0.0 |      53 |       0 |   0.0
            +---------+---------+-------+---------+---------+-------
        D:1 |      76 |       0 |   0.0 |      40 |       0 |   0.0
        D:2 |      46 |       0 |   0.0 |      13 |       0 |   0.0
            +---------+---------+-------+---------+---------+-------
